 Dungeon Crawl Stone Soup version 0.18-a0-1343-g48c8f86 (webtiles) character file.

12341 M4edhros the Nimble (level 11, -6/75 HPs)
             Began as a Mummy Monk on Feb 16, 2016.
             Mangled by a komodo dragon (22 damage)
             ... on level 1 of the Lair of Beasts.
             The game lasted 00:59:11 (27375 turns).

M4edhros the Nimble (Mummy Monk)                   Turns: 27375, Time: 00:59:11

Health: -6/75      AC:  6    Str: 18    XL:     11   Next: 61%
Magic:  11/11      EV: 21    Int: 10    God:
Gold:   569        SH:  0    Dex: 17    Spells: 0 memorised, 10 levels left

rFire  . . .     SeeInvis .       - Unarmed
rCold  + . .     Gourm    .     (no armour)
rNeg   + + +     Faith    .     (no shield)
rPois  ∞         Spirit   .     (no helmet)
rElec  .         Dismiss  .     (no cloak)
rCorr  .         Reflect  .     q - +2 pair of gloves
SustAt .         Harm     .     c - +2 pair of boots
MR     +....                    (no amulet)
Stlth  ++........               g - +3 ring of strength
                                w - ring of protection from fire

@: somewhat resistant to hostile enchantments, unstealthy
A: no food or potions, fire vulnerability, cold resistance 1, negative energy
resistance 3, torment resistance, unbreathing
a: no special abilities


You were on level 1 of the Lair of Beasts.
You were not hungry.

You visited 3 branches of the dungeon, and saw 14 of its levels.

You collected 569 gold pieces.

Inventory:

Missiles
 n - 31 arrows (quivered)
Armour
 c - a +2 pair of boots (worn)
 q - a +2 pair of gloves (worn)
Jewellery
 g - a +3 ring of strength (right hand)
 w - a ring of protection from fire (left hand)
Wands
 p - a wand of digging (6/24)
 t - a wand of paralysis (16/24)
 y - a wand of iceblast (3/15)
Scrolls
 d - 7 scrolls of identify
 e - 4 scrolls of teleportation
 f - 3 scrolls of random uselessness
 h - 3 scrolls of remove curse
 i - 2 scrolls of noise
 j - 2 scrolls of recharging
 k - a scroll of torment
 r - a scroll of enchant weapon
 x - a scroll of immolation {unknown}
Books
 b - a book of the Warp

   Spells                             Type                      Level
   a - Recall                         Summoning/Translocation      3
   b - Gell's Gravitas                Hexes/Translocation          3
   c - Force Lance                    Conjuration/Translocation    4
   d - Warp Weapon                    Charms/Translocation         5
   e - Summon Forest                  Summoning/Translocation      5
 u - a book of Maledictions

   Spells                             Type                      Level
   a - Corona                         Hexes                        1
   b - Ensorcelled Hibernation        Hexes/Ice                    2
   c - Confuse                        Hexes                        3
   d - Tukima's Dance                 Hexes                        3
   e - Dazzling Spray                 Conjuration/Hexes            3
Comestibles
 m - 3 fruits


   Skills:
 - Level 3.0 Fighting
 + Level 12.0 Dodging
 - Level 1.5 Stealth
 - Level 10.8 Unarmed Combat


You had 10 spell levels left.
You didn't know any spells.

Dungeon Overview and Level Annotations

Branches:
Dungeon (11/15)            Temple (0/1) D:7            Lair (1/8) D:10
    Orc (2/2) D:10
    Elf: Orc:2

Altars:
Ashenzari
Cheibriados
Gozag
Kikubaaqudgha
Makhleb
Qazlal
Ru
Sif Muna
Zin
The Shining One
Beogh

Shops:
D:5 }   D:6 :   D:7 ?   D:8 *

Annotations:
D:9 Gastronok


Innate Abilities, Weirdness & Mutations

You do not eat or drink.
Your flesh is vulnerable to fire.
You are immune to poison.
Your flesh is cold resistant.
You are immune to negative energy.
You are immune to unholy pain and torment.
You can survive without breathing.


Message History

The komodo dragon is moderately wounded.
You hit the komodo dragon.
The komodo dragon is moderately wounded.
The komodo dragon bites you!!
The seven-headed hydra roars!
The seven-headed hydra bites you! The seven-headed hydra bites you.
* * * LOW HITPOINT WARNING * * *
The seven-headed hydra bites you.
* * * LOW HITPOINT WARNING * * *
The seven-headed hydra bites you.
* * * LOW HITPOINT WARNING * * *
The seven-headed hydra closely misses you.
The seven-headed hydra completely misses you.
The seven-headed hydra bites you but does no damage.
Read which item? (? for menu, Esc to quit)
Okay, then.
The komodo dragon barely misses you.
Found 11 sling bullets.
The komodo dragon bites you!!
You die...

... #######.....................
#.###..#.##.........#.#.#.#.#.#.
#..................#............
#...(..............#....#.#.#.#.
#..................#............
#.......##.#........#..##.#(#.#.
#....#.####.....................
.#....#..###.D.l.......###.#.#.#.
......⌠.........@..##..##........
..#......##..........#.###.#.#.#.
#........##...........##........
.#..........#..........###.#.#.#.
#...........#..........##..####..
...##.........#............# ##.
..# #.⌠.###...#.........P#######.
..(##...#.#...##.................
.#.#.....#.#.........%...........


You could see a seven-headed hydra and a komodo dragon.

Vanquished Creatures
  A spiny frog (Lair:1)
  A komodo dragon (Lair:1)
  A troll (D:9)
  6 slime creatures (D:9)
  A two-headed ogre (D:9)
  2 wyverns (D:10)
  Grum (D:9)
  4 hungry ghosts
  Edmund (D:5)
  3 hippogriffs
  4 wolves
  2 porcupines (Lair:1)
  4 water moccasins
  10 orc warriors
  A black bear (D:8)
  An ice beast (D:5)
  6 phantoms
  4 sky beasts
  6 ogres
  2 centaurs (D:6)
  6 crocodiles
  A big kobold (D:7)
  14 giant frogs
  4 jellies
  A wyvern skeleton (D:8)
  6 scorpions
  20 killer bees
  4 wights (D:6)
  2 centaur zombies (D:10)
  2 quasits
  5 crimson imps
  6 hounds
  2 centaur skeletons
  A gnoll shaman (D:7)
  11 orc priests
  3 giant frog skeletons
  2 iguanas
  4 worker ants
  9 orc wizards
  2 killer bee zombies
  9 gnolls
  10 adders
  5 shadow imps
  5 oozes
  3 adder skeletons
  6 worms
  7 giant geckos
  53 orcs
  31 bats
  4 giant cockroaches
  7 goblins
  15 hobgoblins
  12 jackals
  4 quokkas
  A ball python (D:3)
  A ball python zombie (D:5)
  2 giant gecko skeletons
  10 giant newts
  A jackal skeleton (D:5)
  12 kobolds
  2 quokka skeletons
  12 rats
  A fungus (D:10)
379 creatures vanquished.

Vanquished Creatures (others)
  8 fungi
  6 plants
14 creatures vanquished.

Grand Total: 393 creatures vanquished

Notes
Turn   | Place    | Note
--------------------------------------------------------------
     0 | D:1      | M4edhros the Mummy Monk began the quest for the Orb.
     0 | D:1      | Reached XP level 1. HP: 18/18 MP: 1/1
    98 | D:1      | Reached XP level 2. HP: 4/24 MP: 2/2
   574 | D:1      | Reached skill level 4 in Unarmed Combat
   840 | D:1      | Reached XP level 3. HP: 19/29 MP: 3/3
  1812 | D:2      | Found a sacrificial altar of Ru.
  1883 | D:2      | Reached XP level 4. HP: 32/35 MP: 4/4
  2794 | D:3      | Reached skill level 5 in Unarmed Combat
  3074 | D:4      | Reached XP level 5. HP: 21/41 MP: 5/5
  3238 | D:4      | Found a burning altar of Makhleb.
  3241 | D:4      | Found an opulent altar of Gozag.
  3244 | D:4      | Found an ancient bone altar of Kikubaaqudgha.
  3247 | D:4      | Found a deep blue altar of Sif Muna.
  3728 | D:4      | Noticed a sky beast
  3814 | D:4      | Reached skill level 6 in Unarmed Combat
  3992 | D:4      | Reached XP level 6. HP: 26/47 MP: 6/6
  4570 | D:5      | Entered Level 5 of the Dungeon
  4570 | D:5      | Noticed Edmund
  4580 | D:5      | Found a sacrificial altar of Ru.
  5142 | D:4      | Found a glowing golden altar of the Shining One.
  6626 | D:3      | Reached skill level 7 in Unarmed Combat
  6737 | D:3      | Reached XP level 7. HP: 48/52 MP: 7/7
  6757 | D:4      | You fall through a shaft for 2 floors!
  6846 | D:6      | HP: 2/52 [something (6)]
  6902 | D:6      | Found Atimniqo's Book Shoppe.
  7696 | D:5      | Reached skill level 8 in Unarmed Combat
  8328 | D:5      | Killed Edmund
  8328 | D:5      | Reached XP level 8. HP: 36/58 MP: 8/8
  8517 | D:5      | Found Jaxzik's Gadget Boutique.
  9545 | D:6      | Reached skill level 9 in Unarmed Combat
 11246 | D:7      | Reached XP level 9. HP: 61/63 MP: 9/9
 11731 | D:7      | Reached skill level 5 in Dodging
 12453 | D:7      | Reached skill level 10 in Unarmed Combat
 12879 | D:7      | Found Qitexil's Magic Scroll Shoppe.
 13005 | D:7      | Found a staircase to the Ecumenical Temple.
 14239 | D:8      | Found a stormy altar of Qazlal.
 15499 | D:8      | Found Zin's Purification Station.
 15501 | D:8      | Found a glowing silver altar of Zin.
 15914 | D:8      | Reached XP level 10. HP: 68/70 MP: 10/10
 16022 | D:8      | Found a shattered altar of Ashenzari.
 16177 | D:9      | Found a snail-covered altar of Cheibriados.
 16291 | D:9      | Noticed Grum
 17500 | D:9      | Killed Grum
 17526 | D:9      | Noticed Gastronok
 17624 | D:10     | Entered Level 10 of the Dungeon
 18071 | D:10     | Found a staircase to the Lair.
 18835 | D:10     | Found a staircase to the Orcish Mines.
 18855 | D:10     | Found a roughly hewn altar of Beogh.
 18876 | D:10     | Reached skill level 10 in Dodging
 19607 | D:10     | Reached XP level 11. HP: 58/75 MP: 11/11
 20787 | D:11     | Noticed a death knight
 20826 | Lair:1   | Entered Level 1 of the Lair of Beasts
 21467 | Lair:1   | Reached skill level 11 in Dodging
 23257 | Lair:1   | Noticed a seven-headed hydra
 23669 | Orc:1    | Entered Level 1 of the Orcish Mines
 23669 | Orc:1    | Found a roughly hewn altar of Beogh.
 24310 | D:10     | Noticed an orc knight
 24498 | Orc:2    | Entered Level 2 of the Orcish Mines
 24498 | Orc:2    | Found a burning altar of Makhleb.
 27346 | Lair:1   | Reached skill level 12 in Dodging
 27375 | Lair:1   | Mangled by a komodo dragon

Vault maps used:
D:1:      lightli_arrival_quake, st_stairs_11
D:2:      nicolae_overflow_crystal_walls
D:4:      tso_oasis_becter, grunt_temple_overflow_cloverleaf, first_bread,
          minmay_close_crescents
D:5:      serial_shops, shop, hangedman_ru_absence, uniq_edmund
D:6:      serial_shops, shop
D:7:      old_forge, minmay_temple_entry_statues_pillars, serial_shops, shop
D:8:      zin_purify, nicolae_qazlal_style_of_elements, basic_altar
D:9:      kennysheep_six_static_rooms, basic_altar, uniq_grum, uniq_gastronok
D:10:     grunt_lair_entry_orc_guard_hut, minmay_orc_entry_temple_small
D:11:     nicolae_trove_entry_diagonal, enter_bailey_3, serial_shops,
          nicolae_shop_behind_doors, basic_altar, hangedman_fish_farm,
          led_sif_book
Lair:1:   minivault_27, st_stairs_11, eino_small_chamber_without_monster,
          cheibrodos_lair_caveside_slide, grunt_megastairs_5,
          infiniplex_staircase_pool_2
Orc:1:    special_room, hangedman_feature_mirror, hangedman_feature_mirror
Orc:2:    st_orc_mages, basic_altar, special_room

Action                   |  1- 3 |  4- 6 |  7- 9 | 10-12 || total
-------------------------+-------+-------+-------+-------++-------
Melee: Unarmed           |   151 |   302 |   688 |   879 ||  2020
  Use: Scroll            |       |     7 |     9 |     5 ||    21
 Stab: Sleeping          |     5 |     3 |     4 |     6 ||    18
       Distracted        |     1 |       |     1 |     1 ||     3
